Map: Lerilak Crest

Players

Javert

  • Race: Zerg Zerg
  • League: Platinum

MisterXaxis - Winner!

  • Race: Zerg Zerg
  • League: Platinum

VOD

Have the link to the VOD?

Description

Time

  • Played on: July 20, 2015, 11:30 p.m.
  • Length: 7:46
Show
View Real Time Build Order
Export as new Build Order

Javert Zerg 

Build Orders: Hatch First 

Get SALT Encoding   

  12  0:01  Drone  
  13  0:13  Overlord  
  13  0:18  Drone  
  14  0:31  Drone x2  
  16  0:37  Drone  
  17  0:55  Hatchery, Drone  
  17  1:00  Extractor  
  17  1:01  Drone  
  17  1:07  Drone  
  18  1:18  Spawning Pool  
  17  1:20  Drone  
  18  1:34  Drone  
  19  1:44  Drone  
  20  1:55  Overlord  
  20  2:05  Metabolic Boost, Drone  
  20  2:07  Queen  
  23  2:08  Queen  
  23  2:13  Zergling x4  
  27  2:22  Drone  
  28  2:27  Drone  
  29  2:37  Drone  
  29  2:38  Drone  
  29  2:42  Overlord  
  30  3:00  Drone  
  30  3:01  Drone x3  
  33  3:06  Baneling Nest  
  34  3:20  Roach Warren, Zergling x8  
  34  3:22  Drone x3  
  34  3:23  Drone x4  
  42  3:30  Overlord  
  42  3:38  Drone  
  43  3:45  Zergling x4  
  44  3:50  Spine Crawler  
  44  3:52  Baneling x2  
  43  3:57  Spine Crawler  
  43  4:02  Roach x5  
  47  4:21  Roach  
  49  4:26  Queen x2  
  51  4:33  Roach  
  51  4:34  Overlord  
  47  4:43  Zergling x10  
  52  4:51  Extractor  
  41  5:02  Zergling x20  
  46  5:15  Zergling x4  
  47  5:24  Drone x2  
  47  5:29  Baneling Nest  
  47  5:34  Lair  
  46  5:35  Roach Warren  
  45  5:51  Roach Warren  
  45  5:53  Baneling Nest  
  45  5:54  Zergling x2  
  45  5:55  Zergling x6  
  47  6:04  Spine Crawler  
  47  6:09  Drone x3  
  47  6:10  Drone  
  50  6:13  Baneling x2  
  50  6:14  Baneling  
  50  6:25  Baneling x3  
  50  6:26  Baneling x2  
  42  6:46  Zergling x2  
  42  6:47  Zergling x20  
  49  7:01  Roach x3  
  31  7:18  Roach  
  31  7:19  Roach x2  
Show
View Real Time Build Order
Export as new Build Order

MisterXaxis Zerg - Winner!

Build Orders: Hatch First 

Get SALT Encoding   

  12  0:01  Drone  
  13  0:14  Drone  
  13  0:19  Extractor  
  13  0:21  Drone  
  14  0:23  Overlord  
  15  0:48  Hatchery  
  14  0:52  Drone  
  15  1:07  Extractor  
  15  1:09  Spawning Pool  
  14  1:11  Drone  
  14  1:13  Drone  
  14  1:17  Drone  
  16  1:23  Drone  
  17  1:34  Drone  
  18  1:44  Drone  
  19  1:57  Queen  
  19  1:59  Overlord  
  19  2:00  Queen  
  23  2:02  Drone  
  23  2:08  Metabolic Boost  
  24  2:14  Zergling x2  
  24  2:15  Zergling x2  
  26  2:21  Drone  
  27  2:31  Baneling Nest, Drone  
  27  2:33  Drone x2  
  29  2:42  Zergling x2  
  29  2:44  Spine Crawler  
  29  2:46  Zergling x2  
  30  2:59  Extractor  
  30  3:04  Drone x3  
  33  3:06  Overlord x2  
  33  3:11  Overlord  
  33  3:13  Zergling x2  
  33  3:17  Zergling x2  
  35  3:20  Zergling x2  
  35  3:26  Zergling x6  
  39  3:34  Zergling x6  
  42  3:45  Zergling x10  
  42  3:47  Baneling  
  42  3:48  Baneling x2  
  47  3:51  Zergling x2  
  46  4:17  Zergling x12  
  41  4:43  Zergling x8  
  44  4:53  Zergling x4  
  44  4:59  Zergling x16  
  49  5:17  Zergling x4  
  49  5:28  Zergling x14  
  44  5:29  Zergling x4  
  52  5:45  Zergling x2  
  52  5:46  Zergling x6  
  52  5:48  Baneling  
  52  5:49  Baneling x7  
  56  5:50  Baneling x7  
  56  5:54  Zergling x2  
  57  5:58  Zergling x6  
  58  6:44  Zergling x10  
  58  6:46  Overlord x3  
  60  6:51  Hatchery  
  50  7:28  Zergling x2  
  54  7:44  Hatchery  
Tags
 
Add a new tag
Caveats
  • Supply blocks, unpowered buildings, or Contaminate may cause inaccurate times.
  • Supply counts are checked every 10 seconds.